 Dungeon Crawl Stone Soup version 0.22.1-6-g1668fe2 (webtiles) character file.

76 redwoodhats the Caller (level 4, -1/24 HPs)
             Began as a Tengu Summoner on Jan 28, 2019.
             Killed from afar by Natasha (10 damage)
             ... with a wand of flame (40)
             ... on level 2 of the Dungeon.
             The game lasted 00:13:48 (2352 turns).

redwoodhats the Caller (Tengu Summoner)             Turns: 2352, Time: 00:13:50

Health: -1/24      AC:  2    Str:  8    XL:     4   Next: 32%
Magic:  6/9        EV: 13    Int: 17    God:
Gold:   123        SH:  0    Dex: 14    Spells: 5/9 levels left

rFire    . . .     SeeInvis .   j - +1 hand axe (freeze)
rCold    . . .     Gourm    .   (no shield)
rNeg     . . .     Faith    .   a - +0 robe
rPois    .         Spirit   .   (helmet restricted)
rElec    .         Reflect  .   (no cloak)
rCorr    +         Harm     .   (no gloves)
MR       .....                  (boots unavailable)
Stlth    ++........             (no amulet)
HPRegen  0.08/turn              k - ring of resist corrosion
MPRegen  0.11/turn              (no ring)

@: very slightly contaminated
A: beak, talons 3
a: no special abilities


You were on level 2 of the Dungeon.
You were not hungry.

You visited 1 branch of the dungeon, and saw 3 of its levels.

You collected 123 gold pieces.

Inventory:

Hand Weapons
 g - a +0 mace
 j - a +1 hand axe of freezing (weapon)
Armour
 a - a +0 robe (worn)
 e - a +0 large shield
 h - a +0 shield of protection
 i - a +0 pair of gloves
Jewellery
 k - a ring of resist corrosion (left hand)
 m - a cursed amulet of the acrobat
Scrolls
 b - 3 scrolls of amnesia
 l - a scroll of remove curse
Potions
 d - 2 potions of curing
Comestibles
 c - 3 rations


   Skills:
 + Level 0.5 Fighting
 + Level 1.5 Axes
 + Level 2.3 Dodging
 + Level 2.0 Stealth
 + Level 3.2 Spellcasting
 + Level 5.3 Summonings


You had 5 spell levels left.
You knew the following spells:

 Your Spells              Type           Power        Failure   Level  Hunger
a - Summon Small Mammal   Summ           ###.         1%          1    None
b - Call Canine Familiar  Summ           ###.....     6%          3    ###....

Your spell library contained the following spells:

 Spells                   Type           Power        Failure   Level  Hunger
 Call Imp                 Summ           ###.....     3%          2    ##.....
 Summon Guardian Golem    Hex/Summ       ##......     17%         3    ###....
 Summon Ice Beast         Ice/Summ       ##......     50%         4    ####...
 Summon Lightning Spire   Summ/Air       ##......     50%         4    ####...


Dungeon Overview and Level Annotations

Branches:
Dungeon (3/15)

Altars:

Annotations:
D:2 Natasha


Innate Abilities, Weirdness & Mutations

You have a beak for a mouth.
You have claws for feet.


Message History

You climb upwards.
There is a stone staircase leading down here.
There is a stone staircase leading down here.
There is an open door here.
There is a stone staircase leading down here.
You climb downwards.
Level annotation: Natasha Natasha zaps a wand.
The puff of flame hits you!
Ouch! That really hurt!
There is a stone staircase leading up here.
Natasha closely misses you.
You climb upwards.
There is a stone staircase leading down here.
Casting: Call Canine Familiar (safe; 6% risk of failure)
Confirm with . or Enter, or press ? or * to list all spells.
You miscast Call Canine Familiar.
You are very lightly contaminated with residual magic.
You hear strange voices.
Natasha zaps a wand.
The puff of flame hits you!
You die...

######## #####......# ###
#####..@h....#.# ##.##
##...#.###.##.#.# #
##.#.####<.....###.##.#.#
#
#.###..........##.......#
#
##.#.####......##.......#
##.## ##.....#....#..##
#.# #.#......#.#..####
#.# #...#......>.....#
#.# ###.###.##.#####.#


You could see Natasha.

Vanquished Creatures
  3 gnolls (D:2)
  2 adders (D:2)
  A leopard gecko (D:2)
  2 giant cockroaches (D:2)
  A goblin (D:1)
  A kobold (D:2)
  3 bats (D:2)
  2 frilled lizards (D:2)
15 creatures vanquished.

Vanquished Creatures (collateral kills)
  2 adders (D:2)
  A dart slug (D:2)
  2 giant cockroaches
  4 goblins
  2 hobgoblins (D:2)
  2 kobolds
  4 bats
  2 frilled lizards
  A quokka zombie (D:2)
  2 rats (D:2)
22 creatures vanquished.

Grand Total: 37 creatures vanquished

Notes
Turn   | Place    | Note
-------+----------+-------------------------------------------
     0 | D:1      | redwoodhats the Tengu Summoner began the quest for the Orb.
     0 | D:1      | Reached XP level 1. HP: 10/10 MP: 4/4
   364 | D:1      | Reached skill level 5 in Summonings
   777 | D:2      | Reached XP level 2. HP: 15/15 MP: 3/6
  1173 | D:2      | Reached XP level 3. HP: 20/20 MP: 8/8
  1178 | D:2      | Learned a level 3 spell: Call Canine Familiar
  1543 | D:2      | Found a faded altar of an unknown god.
  1800 | D:2      | Reached skill level 1 in Axes
  1800 | D:2      | Reached XP level 4. HP: 15/24 MP: 3/9
  2144 | D:3      | Noticed Natasha
  2352 | D:2      | Killed from afar by Natasha

Skill      XL: |  1  2  3 |
---------------+----------+-----
Summonings     | 5 |  5.3
Spellcasting   | 3 |  3.2
Axes           | 1 |  1.5
Fighting       | |  0.5
Dodging        | |  2.3
Stealth        | |  2.0

Action                   |  1- 3 |  4- 6 || total
-------------------------+-------+-------++-------
Melee: Hand axe          |    37 |     4 ||    41
       Kick              |     2 |     1 ||     3
       Unarmed           |     1 |       ||     1
 Cast: Summon Small Mamm |    39 |       ||    39
       Call Canine Famil |     5 |     1 ||     6
  Use: Scroll            |     5 |     1 ||     6
       Potion            |     3 |       ||     3
  Eat: Ration            |     1 |     1 ||     2
Armor: Robe              |    17 |     1 ||    18
Dodge: Dodged            |    67 |     3 ||    70
Block: Shield            |     5 |     2 ||     7
